 Dungeon Crawl Stone Soup version 0.21.1-1-g345015fe64 (webtiles) character file.

149 KleinerIrrer the Chopper (level 5, -11/32 HPs)
             Began as a Gargoyle Fighter on Apr 4, 2018.
             Killed by divine providence
             ... invoked by an orc priest
              (13 damage)
             ... on level 3 of the Dungeon.
             The game lasted 00:00:39 (2293 turns).

KleinerIrrer the Chopper (Gargoyle Fighter)         Turns: 2293, Time: 00:00:40

Health: -11/32     AC: 10    Str: 20    XL:     5   Next: 31%
Magic:  5/5        EV:  7    Int:  9    God:
Gold:   182        SH:  9    Dex:  9    Spells: 4/4 levels left

rFire    . . .     SeeInvis .   Y - +1 war axe
rCold    . . .     Gourm    .   c - +0 shield
rNeg     + . .     Faith    .   b - +0 scale mail
rPois    ∞         Spirit   .   (no helmet)
rElec    +         Reflect  .   (no cloak)
rCorr    .         Harm     .   (no gloves)
MR       .....                  (no boots)
Stlth    ..........             (no amulet)
HPRegen  0.10/turn              (no ring)
MPRegen  0.09/turn              (no ring)

@: no status effects
A: negative energy resistance 1, electricity resistance, unbreathing,
petrification resistance, rot immunity, AC +4
a: no special abilities


You were on level 3 of the Dungeon.
You were not hungry.

You visited 1 branch of the dungeon, and saw 3 of its levels.

You collected 182 gold pieces.


Innate Abilities, Weirdness & Mutations

You are resistant to torment.
Your stone body is resilient. (AC +4)
You are immune to poison.
You resist negative energy. (rN+)
You are resistant to electric shocks. (rElec)
You can survive without breathing.
You are immune to petrification.
You are immune to rotting.


   Skills:
 - Level 3.2 Fighting
 + Level 4.9 Axes
 - Level 3.2 Armour
 - Level 3.2 Shields


You had 4 spell levels left.
You didn't know any spells.

Inventory:

Hand Weapons
 n - a +3 mace
 Y - a +1 war axe (weapon)
Missiles
 p - a tomahawk (quivered)
Armour
 b - a +0 scale mail (worn)
 c - a +0 shield (worn)
 l - a +0 plate armour
Scrolls
 g - 2 scrolls of teleportation
 i - 3 scrolls of remove curse
 k - a scroll of identify
 m - a scroll of fear {unknown}
Potions
 a - a potion of magic {unknown}
 d - a potion of might
 e - a potion of haste
 h - a potion of brilliance {unknown}
 j - a potion of heal wounds
 o - a potion of invisibility {unknown}
Comestibles
 f - 6 rations

Dungeon Overview and Level Annotations

Branches:
Dungeon (3/15)

Altars:
Ru


Message History

Something hits you but does no damage.
The orc priest looks braver for a moment.
You bump into the rock wall.
Something hits you but does no damage.
The orc priest hits you but does no damage.
You bump into the rock wall.
Something hits you but does no damage. The orc priest barely misses you.
You bump into the rock wall.
You feel less confused. Something hits you but does no damage.
The orc priest hits you but does no damage.
You hit the orc priest.
The orc priest is almost dead.
You miss something.
You hear some strange, mumbled words.
A magic dart appears from out of thin air!
The magic dart hits you!
The orc priest invokes the aid of Beogh against you.
Beogh smites you!
You die...

#.#.......#)# ..
#.#.......#.##
#............#..#
#........(....#
#..........#.##
#.......#.##.#
#.......#.# #
####{####.#
#@oo##.# ###.# .#
.# o# o# .# o# ..


You could see an orc priest and an orc.

Vanquished Creatures
  3 gnolls (D:3)
  5 adders
  An ooze (D:2)
  A worm (D:3)
  4 dart slugs
  A leopard gecko (D:3)
  2 orcs (D:3)
  4 bats
  4 giant cockroaches
  6 goblins
  7 hobgoblins
  A quokka (D:2)
  5 frilled lizards
  7 kobolds
  7 rats
58 creatures vanquished.

Notes
Turn   | Place    | Note
-------+----------+-------------------------------------------
     0 | D:1      | KleinerIrrer the Gargoyle Fighter began the quest for the Orb.
     0 | D:1      | Reached XP level 1. HP: 14/14 MP: 1/1
     0 | D:1      | 0 ||| counter = 63
    58 | D:1      | Reached skill level 2 in Axes
   275 | D:1      | Reached XP level 2. HP: 19/19 MP: 2/2
   332 | D:1      | 332 ||| DROPPING club.
   649 | D:1      | 649 ||| UPGRADING to dyed leather armour.
   659 | D:1      | 659 ||| UPGRADING to +0 scale mail.
   669 | D:1      | 669 ||| DROPPING +2 leather armour of magic resistance.
   670 | D:1      | 670 ||| READING scroll labeled TITHRO VELI.
   671 | D:1      | 671 ||| READING scroll labeled TOROK DIFORENT.
   676 | D:1      | 676 ||| READING 3 scrolls labeled JIDEP ANAD.
   677 | D:1      | 677 ||| UPGRADING to mace.
   678 | D:1      | 678 ||| SWAPPING to +1 war axe.
   679 | D:1      | 679 ||| UPGRADING to runed mace.
   680 | D:1      | 680 ||| SWAPPING to +1 war axe.
   681 | D:1      | 681 ||| DROPPING +0 mace.
   682 | D:1      | 682 ||| READING 3 scrolls labeled ZARYLE FO WOIC.
   683 | D:1      | 683 ||| READING scroll labeled FESEASM WOCWA.
   684 | D:1      | 684 ||| READING scroll labeled ASTRUN JUNNEOLO.
   685 | D:1      | 685 ||| READING 2 scrolls of identify.
   685 | D:1      | 685 ||| IDENTIFYING grey potion
   729 | D:2      | Reached skill level 3 in Axes
   729 | D:2      | Reached XP level 3. HP: 18/23 MP: 3/3
  1082 | D:2      | Reached XP level 4. HP: 19/28 MP: 4/4
  1145 | D:2      | 1145 ||| STAIRDANCE
  1368 | D:2      | Reached skill level 4 in Axes
  1526 | D:2      | Found a sacrificial altar of Ru.
  1868 | D:2      | 1868 ||| READING 2 scrolls of identify.
  1868 | D:2      | 1868 ||| IDENTIFYING purple potion
  1967 | D:3      | Found a faded altar of an unknown god.
  2046 | D:3      | Reached XP level 5. HP: 24/32 MP: 5/5
  2057 | D:3      | 2057 ||| STAIRDANCE
  2293 | D:3      | HP: 2/32 [something/magic dart (9)]
  2293 | D:3      | Killed from afar by an orc priest

Vault maps used:
D:1:      sevenhm_arrival_forest_fort_small_3
D:2:      nicolae_ru_great_annihilating_truth
D:3:      chequers_ecumenical_altar_grove, uniq_robin, uniq_grinder

Skill      XL: |  1  2  3  4 |
---------------+-------------+-----
Axes           | 2 3 4 |  4.9
Fighting       | |  3.2
Armour         | |  3.2
Shields        | |  3.2

Action                   |  1- 3 |  4- 6 || total
-------------------------+-------+-------++-------
Melee: War axe           |    95 |    98 ||   193
Throw: Tomahawk          |    17 |    16 ||    33
  Use: Scroll            |     7 |     1 ||     8
 Stab: Paralysed         |       |     1 ||     1
  Eat: Chunk             |     1 |     4 ||     5
Armor: Scale mail        |    53 |    54 ||   107
Dodge: Dodged            |    26 |    21 ||    47
Block: Shield            |    46 |    40 ||    86

Table legend:
 A = Spawn XP
 B = Non-spawn XP
 C = Spawn XP percentage of total XP
 D = Spawn monster count
 E = Non-spawn monster count
 F = Spawn count percentage of total count
 G = Total turns spent on level
                    A         B        C        D         E        F      G
               +---------+---------+-------+---------+---------+-------+---------
         Total |       0 |     214 |   0.0 |       0 |      58 |   0.0 |  2293
               +---------+---------+-------+---------+---------+-------+---------
           D:1 |       0 |      23 |   0.0 |       0 |      13 |   0.0 |   721
           D:2 |       0 |     110 |   0.0 |       0 |      33 |   0.0 |  1358
           D:3 |       0 |      81 |   0.0 |       0 |      12 |   0.0 |   214
               +---------+---------+-------+---------+---------+-------+---------
